 Dungeon Crawl Stone Soup version 0.26-a0-244-g083ca260ac (webtiles) character file.

Game seed: 7586613628459989313

1809 Gargoyl the Skirmisher (level 8, -3/105 HPs)
             Began as a Centaur Abyssal Knight on July 8, 2020.
             Was an Elder of Lugonu.
             Slain by Askman's ghost (11 damage)
             ... on level 6 of the Dungeon.
             The game lasted 00:08:46 (7354 turns).

Gargoyl the Skirmisher (Centaur Abyssal Knight)     Turns: 7354, Time: 00:08:46

Health: -3/105     AC: 15    Str: 15    XL:     8   Next: 84%
Magic:  11/11      EV: 11    Int: 11    God:    Lugonu [****..]
Gold:   291        SH:  0    Dex: 11    Spells: 7/7 levels left

rFire    + . .     SeeInvis .   a - +1 hand axe
rCold    . . .     Faith    .   (no shield)
rNeg     . . .     Spirit   .   m - +2 animal skin
rPois    .         Reflect  .   l - +2 helmet
rElec    .         Harm     .   f - scarf {repulsion}
rCorr    .                      d - +1 pair of gloves
MR       .....                  (no barding)
Stlth    ..........             (no amulet)
HPRegen  0.27/turn              g - ring of protection from fire
MPRegen  0.12/turn              u - +4 ring of protection

@: mighty, berserking, repel missiles, very quick
A: large, hooves 3, deformed body, speed 2, tough skin 3
a: Depart the Abyss, Bend Space, Banish, Corrupt, Renounce Religion


You were on level 6 of the Dungeon.
You worshipped Lugonu.
Lugonu was greatly pleased with you.
You were not hungry.

You visited 1 branch of the dungeon, and saw 6 of its levels.
You visited the Abyss 1 time.
You also visited: Sewer.

You collected 291 gold pieces.

Inventory:

Hand Weapons
 a - a +1 hand axe (weapon)
 x - a +0 war axe
Missiles
 e - 6 silver javelins (quivered)
Armour
 d - a +1 pair of gloves (worn)
 f - a scarf of repulsion (worn)
 l - a +2 helmet (worn)
 m - a +2 animal skin (worn)
Jewellery
 g - a ring of protection from fire (left hand)
 u - a +4 ring of protection (right hand)
Wands
 k - a wand of digging (3)
 s - a wand of iceblast (12)
Scrolls
 b - 3 scrolls of identify
 o - 5 scrolls of remove curse
 t - a scroll of teleportation
 v - a scroll of enchant armour
 y - a scroll of fear
 z - 3 scrolls of fog
Potions
 c - 2 potions of stabbing
 i - a potion of might
 j - a potion of lignification
 p - a potion of haste
 q - a potion of resistance
 r - a potion of degeneration {unknown}
 w - a potion of ambrosia {unknown}
Comestibles
 n - 3 rations


   Skills:
 + Level 5.8 Fighting
 + Level 5.3 Axes
 + Level 1.3 Throwing
 * Level 3.7 Armour
 * Level 4.2 Dodging
 * Level 4.8 Invocations


You had 7 spell levels left.
You didn't know any spells.
Your spell library contained the following spells:

 Spells                   Type           Power        Failure   Level
 Magic Dart               Conj           #...         34%         1
 Shock                    Conj/Air       #...         34%         1
 Blink                    Tloc           N/A          47%         2
 Call Imp                 Summ           #.......     47%         2
 Slow                     Hex            #.......     47%         2
 Swiftness                Chrm/Air       #.......     47%         2
 Conjure Flame            Conj/Fire      #.......     71%         3
 Mephitic Cloud           Conj/Pois/Air  #.......     71%         3
 Static Discharge         Conj/Air       #.......     71%         3
 Airstrike                Air            #.........   98%         4
 Lightning Bolt           Conj/Air       #.........   100%        5


Dungeon Overview and Level Annotations

Branches:
Dungeon (6/15)             Temple (0/1) D:4           Sewer (visited)

Altars:
Ashenzari
Dithmenos
Kikubaaqudgha
Okawaru
Uskayaw
Vehumet
Wu Jian
Xom

Shops:
D:6 }

Annotations:
D:6 Askman's ghost, novice DsBr


Innate Abilities, Weirdness & Mutations

You have hooves in place of feet.
Armour fits poorly on your strangely shaped body.
You cover ground very quickly.
You have extremely tough skin. (AC +3)


Message History

Askman's ghost shouts, "What do you have that I didn't have?"
Askman's ghost hits you but does no damage.
You slash Askman's ghost! You kick Askman's ghost.
Askman's ghost is heavily damaged.
Askman's ghost hits you.
* * * LOW HITPOINT WARNING * * *
A red film seems to cover your vision as you go berserk!
You feel yourself moving faster!
You feel mighty!
Askman's ghost hits you but does no damage.
You slash Askman's ghost! Your kick misses Askman's ghost.
Askman's ghost is severely damaged.
Askman's ghost hits you!
* * * LOW HITPOINT WARNING * * *
You barely miss Askman's ghost.
You kick Askman's ghost, but do no damage.
Askman's ghost is severely damaged.
You slash Askman's ghost!
Askman's ghost is almost destroyed.
Askman's ghost hits you!
You die...

.# #.........# #......#####. .#
##.#..###.# #......# ## .# #r#..#
#.###......###### .# #r#..#
#.#.+............ .#########.#..#
#.#.#......######
<..........#..###.#.#....###.....
.###.....#.r......#........#.####
.....###.#.####.................#
.....#.........W@......###.#.##.#
.....#.#.#.###########.# #.#.##.#
...(.#.#.#..........#..# #.#.....
####..............#+#.## #.#....#
## #.................>####.#....#
.# #..................##........#
.# #.#'###########...<##........#
.# #.#.# #####....##........# .#
#.#.#######.........'.........


You could see Askman's ghost.

Vanquished Creatures
  A neqoxec (Abyss:1)
  The ghost of stillor the Caller, an amateur BaSu (D:5)
  Purgy (Sewer)
  A phantom (D:5)
  A sky beast (D:4)
  2 ogres
  A necrophage (D:5)
  A centaur (D:5)
  2 bullfrogs (D:6)
  A scorpion (D:6)
  A howler monkey (D:5)
  2 hounds
  A jelly (D:5)
  A centaur skeleton (D:6)
  An orc priest (D:3)
  3 orc wizards (D:3)
  Jessica (D:2)
  Terence (D:2)
  5 worker ants
  A worker ant zombie (D:5)
  Robin (D:2)
  7 gnolls
  8 adders
  A shadow imp (D:2)
  An ufetubus (D:5)
  2 oozes (D:1)
  An adder zombie (D:6)
  5 worms
  2 dart slugs
  5 leopard geckos
  5 orcs
  3 ball pythons
  6 giant cockroaches
  17 goblins
  9 hobgoblins
  10 jackals
  4 quokkas
  16 bats
  4 frilled lizards
  9 kobolds
  8 rats
153 creatures vanquished.

Notes
Turn   | Place    | Note
-------+----------+-------------------------------------------
     0 | Abyss:1  | Gargoyl the Centaur Abyssal Knight began the quest for the
                  | Orb.
     0 | Abyss:1  | Reached XP level 1. HP: 19/19 MP: 2/2
    75 | Abyss:1  | Found a corrupted altar of Lugonu.
   105 | Abyss:1  | Noticed a neqoxec
   129 | Abyss:1  | Killed a neqoxec
   129 | Abyss:1  | Reached XP level 2. HP: 8/28 MP: 3/3
   129 | Abyss:1  | Reached XP level 3. HP: 10/34 MP: 4/4
   129 | Abyss:1  | Reached XP level 4. HP: 12/41 MP: 5/5
   390 | Abyss:2  | Noticed a large abomination
   446 | Abyss:2  | Noticed a thrashing horror
   446 | Abyss:2  | Noticed a thrashing horror
   449 | D:1      | Escaped the Abyss
   759 | D:1      | Reached XP level 5. HP: 47/47 MP: 6/6
   806 | D:1      | Reached * piety under Lugonu
  1426 | D:2      | Noticed Jessica
  1438 | D:2      | Killed Jessica
  1552 | D:2      | Reached skill level 1 in Dodging
  1553 | D:2      | Noticed Robin
  1565 | D:2      | Reached ** piety under Lugonu
  1588 | D:2      | Killed Robin
  1709 | D:2      | Reached skill level 1 in Throwing
  1912 | D:2      | Noticed Terence
  1924 | D:2      | Killed Terence
  1924 | D:2      | Reached XP level 6. HP: 48/55 MP: 8/8
  2484 | D:3      | Found a glowing drain.
  2493 | Sewer    | Entered a sewer
  2496 | Sewer    | Reached *** piety under Lugonu
  2596 | Sewer    | Noticed Purgy
  2615 | Sewer    | Killed Purgy
  2615 | Sewer    | Reached skill level 5 in Fighting
  3103 | D:3      | Reached XP level 7. HP: 13/61 MP: 9/9
  4366 | D:4      | Found a staircase to the Ecumenical Temple.
  4991 | D:5      | Entered Level 5 of the Dungeon
  5028 | D:5      | Found a radiant altar of Vehumet.
  5330 | D:5      | Reached **** piety under Lugonu
  5584 | D:5      | Reached XP level 8. HP: 45/69 MP: 9/11
  5762 | D:5      | Found a hide-covered altar of Uskayaw.
  5762 | D:5      | Found a shimmering altar of Xom.
  5763 | D:5      | Found a shattered altar of Ashenzari.
  5763 | D:5      | Found a shadowy altar of Dithmenos.
  5763 | D:5      | Found an ornate altar of the Wu Jian Council.
  5764 | D:5      | Found an iron altar of Okawaru.
  6171 | D:6      | Found Rivenwa's Gadget Emporium.
  6389 | D:6      | Found an ancient bone altar of Kikubaaqudgha.
  6400 | D:6      | Reached skill level 5 in Axes
  6948 | D:6      | Found a runed translucent gate.
  6952 | D:6      | Found a runed translucent gate.
  6952 | D:6      | Noticed Askman's ghost (novice DsBr)
  6952 | D:6      | Noticed stillor's ghost (amateur BaSu)
  6953 | D:6      | Found a runed translucent gate.
  6981 | D:6      | HP: 3/70 [Askman's ghost (19)]
  7332 | D:5      | Killed stillor's ghost
  7354 | D:6      | Slain by Askman's ghost

Illustrated notes

Levels and vault maps discovered:
D:1:      tarquinn_simple_flora_water_d, layout_basic
D:2:      layout_basic, uniq_jessica, uniq_robin, uniq_terence
D:3:      layout_basic, first_ration, cheibrodos_sewer_entry_sluice
D:4:      layout_basic, minmay_temple_entry_trees
D:5:      layout_rooms, grunt_temple_overflow_open
D:6:      layout_basic, kiku_gazebo_garden_becter, serial_shops,
          nicolae_shop_stone, gammafunk_ghost_cemetery,
          kennysheep_opposing_triangles

Skill      XL: |  1  2  3  4  5  6  7  8 |
---------------+-------------------------+-----
Fighting       | 4 5 |  5.8
Axes           | 2 3 4 5 |  5.3
Armour         | 2 3 |  3.7
Dodging        | 1 2 3 4 |  4.2
Throwing       | 1 |  1.3
Invocations    | 3 4 |  4.8

Action                   |  1- 3 |  4- 6 |  7- 9 || total
-------------------------+-------+-------+-------++-------
Melee: Hand axe          |     2 |   230 |   276 ||   508
       Kick              |     1 |    54 |    79 ||   134
Throw: Javelin           |     6 |     5 |     6 ||    17
Invok: Depart the Abyss  |       |     1 |       ||     1
       Bend Space        |       |       |     2 ||     2
  Use: Scroll            |     3 |     4 |     8 ||    15
       Potion            |     1 |     1 |     3 ||     5
  Eat: Ration            |       |     2 |     3 ||     5
Armor: Leather armour    |     1 |    39 |       ||    40
       Animal skin       |       |    91 |   162 ||   253
Dodge: Dodged            |     1 |   159 |   168 ||   328
       Repelled          |       |     5 |     2 ||     7

Table legend:
 A = Non-vault XP
 B = Vault XP
 C = Vault XP percentage of total XP
 D = Non-vault monster count
 E = Vault monster count
 F = Vault count percentage of total count
                 A         B        C        D         E       F
            +---------+---------+-------+---------+---------+-------
      Total |    2104 |     481 |  18.6 |     125 |      28 |  18.3
            +---------+---------+-------+---------+---------+-------
        D:1 |      46 |       0 |   0.0 |      22 |       0 |   0.0
        D:2 |     106 |     112 |  51.4 |      33 |      15 |  31.2
        D:3 |     244 |       8 |   3.2 |      21 |       3 |  12.5
        D:4 |     383 |       0 |   0.0 |      13 |       0 |   0.0
        D:5 |     570 |     167 |  22.7 |      18 |       1 |   5.3
        D:6 |     579 |      42 |   6.8 |      17 |       3 |  15.0
    Abyss:1 |     176 |       0 |   0.0 |       1 |       0 |   0.0
      Sewer |       0 |     152 | 100.0 |       0 |       6 | 100.0
            +---------+---------+-------+---------+---------+-------
